MID
CHARLESTON RIVERDOGS @ DELMARVA SHOREBIRDS
08/22/2049
 
TOP OF THE 1ST
Charleston RiverDogs batting - Pitching for Delmarva Shorebirds : LHP Jason Williams
Pitching: LHP Jason Williams
Batting: LHB Ernesto Abreu 0-0: Called Strike
0-1: Ball
1-1: SINGLE (Groundball, 4S, EV 63.8 MPH) (infield hit)
Batting: RHB Iften Olujimi 0-0: Grounds into double play, 5-4-3 (Groundball, 56, EV 90.6 MPH)
Batting: RHB Francisco Vargas 0-0: Swinging Strike
0-1: Swinging Strike
0-2: Ball
1-2: Ball
2-2: Ball
3-2: Strikes out looking
Top of the 1st over - 0 runs, 1 hit, 0 errors, 0 left on base; Charleston 0 - Delmarva 0
BOTTOM OF THE 1ST
Delmarva Shorebirds batting - Pitching for Charleston RiverDogs : LHP Jessie Neal
Pitching: LHP Jessie Neal
Batting: RHB Josh Hopp 0-0: Foul Ball, location: 2F
0-1: Foul Ball, location: 2F
0-2: Ball
1-2: DOUBLE (Line Drive, 7LM, EV 110.6 MPH)
Batting: LHB Xue-liang Zhou 0-0: Reached on error, E4 (Groundball, 4M, EV 82.5 MPH)
Josh Hopp to third
Batting: RHB Ken Manser 0-0: Foul Ball, location: 2F
0-1: Ball
1-1: Swinging Strike
1-2: Ball
2-2: Ball
3-2: DOUBLE (Line Drive, 89XD, EV 102.5 MPH)
Josh Hopp scores
Xue-liang Zhou to third
Batting: RHB Marquis Major 0-0: Foul Ball, location: 2F
0-1: Ball
1-1: Ball
2-1: Swinging Strike
2-2: Foul Ball, location: 2F
2-2: Foul Ball, location: 2F
2-2: Foul Ball, location: 2F
2-2: Foul Ball, location: 2F
2-2: Foul Ball, location: 2F
2-2: Foul Ball, location: 2F
2-2: Ground out 3-1 (Groundball, 34, EV 100.6 MPH)
Xue-liang Zhou scores
Ken Manser to third
Batting: LHB Sam Williams 0-0: Called Strike
0-1: Swinging Strike
0-2: Ground out 4-3 (Groundball, 34D, EV 100.6 MPH)
Ken Manser scores
Pitching: RHP Austin Trzcinski
Batting: RHB Carlos Teniente 0-0: Called Strike
0-1: Ball
1-1: Ball
2-1: Ball
3-1: Base on Balls
Batting: RHB Han-seung Hah 0-0: Ball
1-0: Ball
2-0: Ball
3-0: Base on Balls
Carlos Teniente to second
Batting: RHB Ruben Domingues 0-0: Foul Ball, location: 2F
0-1: Ball
Wild Pitch!
Carlos Teniente to third
Han-seung Hah to second
1-1: Called Strike
1-2: Strikes out looking
Bottom of the 1st over - 3 runs, 2 hits, 1 error, 2 left on base; Charleston 0 - Delmarva 3
TOP OF THE 2ND
Charleston RiverDogs batting - Pitching for Delmarva Shorebirds : LHP Jason Williams
Batting: RHB Jeff McClellan 0-0: Ball
1-0: Called Strike
1-1: Ball
2-1: Ball
3-1: Foul Ball, location: 2F
3-2: Foul Ball, location: 2F
3-2: Foul Ball, location: 2F
3-2: DOUBLE (Line Drive, 89D, EV 103.1 MPH)
Batting: LHB Marc Durgin 0-0: Called Strike
0-1: Ground out 6-3 (Groundball, 6, EV 78.8 MPH)
Jeff McClellan to third
Batting: RHB Michael Patterson 0-0: Swinging Strike
0-1: Foul Ball, location: 2F
0-2: Strikes out swinging
Batting: LHB Jeremiah Walker 0-0: Called Strike
0-1: Ball
1-1: Ball
2-1: Foul Ball, location: 2F
2-2: Ball
3-2: Strikes out swinging
Top of the 2nd over - 0 runs, 1 hit, 0 errors, 1 left on base; Charleston 0 - Delmarva 3
BOTTOM OF THE 2ND
Delmarva Shorebirds batting - Pitching for Charleston RiverDogs : RHP Austin Trzcinski
Batting: RHB Juan Eyrich 0-0: SINGLE (Groundball, 4MD, EV 98.8 MPH)
Batting: RHB Josh Hopp 0-0: DOUBLE (Groundball, 5L, EV 96.2 MPH)
Juan Eyrich to third
Runner from 3rd tries for Home, throw by LF and OUT! 7-6-2
Batting: LHB Xue-liang Zhou 0-0: Called Strike
0-1: Ball
1-1: Swinging Strike
1-2: Ball
2-2: Ball
3-2: Ground out 4-3 (Groundball, 4S, EV 86.2 MPH)
Josh Hopp to third
Batting: RHB Ken Manser 0-0: Called Strike
0-1: Ball
1-1: Ball
2-1: Ground out 6-3 (Groundball, P, EV 88.1 MPH)
Bottom of the 2nd over - 0 runs, 2 hits, 0 errors, 1 left on base; Charleston 0 - Delmarva 3
TOP OF THE 3RD
Charleston RiverDogs batting - Pitching for Delmarva Shorebirds : LHP Jason Williams
Batting: RHB Bryan Massey 0-0: Called Strike
0-1: Foul Ball, location: 2F
0-2: Ground out 1-3 (Groundball, 13, EV 70.6 MPH)
Batting: RHB Louwe Starmans 0-0: Called Strike
0-1: Swinging Strike
0-2: Ball
1-2: Ball
2-2: Strikes out swinging
Batting: LHB Ernesto Abreu 0-0: Ball
1-0: Ball
2-0: Ball
3-0: Called Strike
3-1: Fly out, F4 (Popup, 3DF, EV 46.2 MPH)
Top of the 3rd over - 0 runs, 0 hits, 0 errors, 0 left on base; Charleston 0 - Delmarva 3
BOTTOM OF THE 3RD
Delmarva Shorebirds batting - Pitching for Charleston RiverDogs : RHP Austin Trzcinski
Batting: RHB Marquis Major 0-0: Called Strike
0-1: Foul Ball, location: 2F
0-2: Strikes out swinging
Batting: LHB Sam Williams 0-0: Ball
1-0: SINGLE (Groundball, 4MD, EV 101.9 MPH)
Batting: RHB Carlos Teniente 0-0: Called Strike
0-1: Foul Ball, location: 2F
0-2: Ball
1-2: Ball
2-2: Foul Ball, location: 2F
2-2: Foul Ball, location: 2F
2-2: Foul Ball, location: 2F
2-2: Strikes out looking
Batting: RHB Han-seung Hah 0-0: Ball
1-0: Called Strike
1-1: Ball
2-1: Called Strike
2-2: Ball
3-2: Strikes out looking
Bottom of the 3rd over - 0 runs, 1 hit, 0 errors, 1 left on base; Charleston 0 - Delmarva 3
TOP OF THE 4TH
Charleston RiverDogs batting - Pitching for Delmarva Shorebirds : LHP Jason Williams
Batting: RHB Iften Olujimi 0-0: Ball
1-0: Called Strike
1-1: Ball
2-1: Swinging Strike
2-2: SINGLE (Flyball, 8RS, EV 90.0 MPH)
Batting: RHB Francisco Vargas 0-0: Swinging Strike
0-1: Ball
1-1: Foul Ball, location: 2F
1-2: Strikes out swinging
Batting: RHB Jeff McClellan 0-0: Grounds into double play, 4-6-3 (Groundball, 4, EV 81.9 MPH)
Top of the 4th over - 0 runs, 1 hit, 0 errors, 0 left on base; Charleston 0 - Delmarva 3
BOTTOM OF THE 4TH
Delmarva Shorebirds batting - Pitching for Charleston RiverDogs : RHP Austin Trzcinski
Batting: RHB Ruben Domingues 0-0: Ball
1-0: Called Strike
1-1: Foul Ball, location: 2F
1-2: Foul Ball, location: 2F
1-2: Ball
2-2: Strikes out swinging
Batting: RHB Juan Eyrich 0-0: Fly out, F3 (Line Drive, 34, EV 69.4 MPH)
Batting: RHB Josh Hopp 0-0: Ball
1-0: Ball
2-0: Ball
3-0: Called Strike
3-1: Ground out 6-3 (Groundball, 6, EV 100.6 MPH)
Bottom of the 4th over - 0 runs, 0 hits, 0 errors, 0 left on base; Charleston 0 - Delmarva 3
TOP OF THE 5TH
Charleston RiverDogs batting - Pitching for Delmarva Shorebirds : LHP Jason Williams
Batting: LHB Marc Durgin 0-0: Ball
1-0: Foul Ball, location: 2F
1-1: Called Strike
1-2: Ball
2-2: Ball
3-2: Foul Ball, location: 2F
3-2: Fly out, F9 (Flyball, 89M, EV 88.8 MPH)
Batting: RHB Michael Patterson 0-0: Ball
1-0: Foul Ball, location: 2F
1-1: Fly out, F8 (Flyball, 8RD, EV 98.1 MPH)
Batting: LHB Jeremiah Walker 0-0: Foul Ball, location: 2F
0-1: Ground out U3 (Groundball, 23, EV 90.0 MPH)
Top of the 5th over - 0 runs, 0 hits, 0 errors, 0 left on base; Charleston 0 - Delmarva 3
BOTTOM OF THE 5TH
Delmarva Shorebirds batting - Pitching for Charleston RiverDogs : RHP Austin Trzcinski
Batting: LHB Xue-liang Zhou 0-0: Ball
1-0: Foul Ball, location: 2F
1-1: Ball
2-1: Swinging Strike
2-2: Strikes out looking
Batting: RHB Ken Manser 0-0: Ball
1-0: Ball
2-0: Ball
3-0: Called Strike
3-1: Called Strike
3-2: Ground out 5-3 (Groundball, 56S, EV 70.0 MPH)
Batting: RHB Marquis Major 0-0: Ball
1-0: Ball
2-0: Ball
3-0: Called Strike
3-1: Base on Balls
Pitching: RHP Mike Hickey
Batting: LHB Sam Williams 0-0: Called Strike
0-1: Ball
1-1: Called Strike
1-2: Foul Ball, location: 2F
1-2: Ball
2-2: Ball
3-2: Ground out 4-3 (Groundball, 4M, EV 96.2 MPH)
Bottom of the 5th over - 0 runs, 0 hits, 0 errors, 1 left on base; Charleston 0 - Delmarva 3
TOP OF THE 6TH
Charleston RiverDogs batting - Pitching for Delmarva Shorebirds : LHP Jason Williams
Batting: RHB Bryan Massey 0-0: Ball
1-0: Ball
2-0: Ground out 5-3 (Groundball, 56, EV 96.9 MPH)
Batting: RHB Louwe Starmans 0-0: Ground out 5-3 (Groundball, 56S, EV 83.1 MPH)
Batting: LHB Ernesto Abreu 0-0: Ball
1-0: Called Strike
1-1: Swinging Strike
1-2: Ball
2-2: Foul Ball, location: 2F
2-2: Strikes out looking
Top of the 6th over - 0 runs, 0 hits, 0 errors, 0 left on base; Charleston 0 - Delmarva 3
BOTTOM OF THE 6TH
Delmarva Shorebirds batting - Pitching for Charleston RiverDogs : RHP Mike Hickey
Batting: RHB Carlos Teniente 0-0: Ball
1-0: Ground out 6-3 (Groundball, 56, EV 105.6 MPH)
Batting: RHB Han-seung Hah 0-0: Ball
1-0: Swinging Strike
1-1: Ball
2-1: Swinging Strike
2-2: Ball
3-2: Strikes out swinging
Batting: RHB Ruben Domingues 0-0: Ball
1-0: Hit by Pitch
Batting: RHB Juan Eyrich 0-0: Called Strike
0-1: Ball
1-1: Ball
2-1: Ball
3-1: Foul Ball, location: 2F
3-2: Strikes out swinging
Bottom of the 6th over - 0 runs, 0 hits, 0 errors, 1 left on base; Charleston 0 - Delmarva 3
TOP OF THE 7TH
Charleston RiverDogs batting - Pitching for Delmarva Shorebirds : LHP Jason Williams
Batting: RHB Iften Olujimi 0-0: Ball
1-0: Called Strike
1-1: Ball
2-1: Foul Ball, location: 2F
2-2: Strikes out swinging
Batting: RHB Francisco Vargas 0-0: Swinging Strike
0-1: Ball
1-1: Foul Ball, location: 2F
1-2: Foul Ball, location: 2F
1-2: Foul Ball, location: 2F
1-2: Fly out, F7 (Flyball, 7D, EV 98.1 MPH)
Batting: RHB Jeff McClellan 0-0: Ball
1-0: Ball
2-0: Foul Ball, location: 2F
2-1: Foul Ball, location: 2F
2-2: Strikes out swinging
Top of the 7th over - 0 runs, 0 hits, 0 errors, 0 left on base; Charleston 0 - Delmarva 3
BOTTOM OF THE 7TH
Delmarva Shorebirds batting - Pitching for Charleston RiverDogs : RHP Mike Hickey
Batting: RHB Josh Hopp 0-0: Ball
1-0: Ball
2-0: Fly out, F7 (Flyball, 7, EV 81.9 MPH)
Batting: LHB Xue-liang Zhou 0-0: Ball
1-0: Ground out 1-3 (Groundball, P, EV 72.5 MPH)
Batting: RHB Ken Manser 0-0: Called Strike
0-1: Ground out 4-3 (Groundball, 4, EV 82.5 MPH)
Bottom of the 7th over - 0 runs, 0 hits, 0 errors, 0 left on base; Charleston 0 - Delmarva 3
TOP OF THE 8TH
Charleston RiverDogs batting - Pitching for Delmarva Shorebirds : LHP Jason Williams
Pitching: RHP Zhao-jun Zong
Batting: LHB Marc Durgin 0-0: Ball
1-0: Called Strike
1-1: Foul Ball, location: 2F
1-2: Ball
2-2: Strikes out swinging
Pinch Hitting: LHB Joe Vida 0-0: Ball
1-0: Called Strike
1-1: Ball
2-1: Ball
3-1: Base on Balls
Batting: LHB Jeremiah Walker 0-0: Called Strike
0-1: Ball
1-1: Swinging Strike
1-2: Ball
2-2: Strikes out looking
Batting: RHB Bryan Massey 0-0: Called Strike
0-1: 2-RUN HOME RUN (Flyball, 7D, EV 98.8 MPH), Distance : 377 ft
Pinch Hitting: LHB Andrew Davis 0-0: Ball
1-0: Ball
2-0: Called Strike
2-1: Foul Ball, location: 2F
2-2: Foul Ball, location: 2F
2-2: Strikes out swinging
Top of the 8th over - 2 runs, 1 hit, 0 errors, 0 left on base; Charleston 2 - Delmarva 3
BOTTOM OF THE 8TH
Delmarva Shorebirds batting - Pitching for Charleston RiverDogs : RHP Mike Hickey
Now at 2B: Andrew Davis
Now at 3B: Gonçalo Burhil
Batting: RHB Marquis Major 0-0: Called Strike
0-1: Ball
1-1: Foul Ball, location: 2F
1-2: Ground out U3 (Groundball, 3S, EV 86.2 MPH)
Batting: LHB Sam Williams 0-0: SINGLE (Flyball, 8RS, EV 88.8 MPH)
Batting: RHB Carlos Teniente 0-0: Ball
1-0: Foul Ball, location: 2F
1-1: Ball
2-1: Ball
3-1: Base on Balls
Sam Williams to second
Pinch Runner at 2nd Minoru Matsumoto:
Batting: RHB Han-seung Hah 0-0: Ball
1-0: Foul Ball, location: 2F
1-1: Ball
2-1: Fly out, F8 (Flyball, 89D, EV 86.9 MPH)
Runner from 2nd tags up, SAFE at 3rd, no throw by CF
Batting: RHB Ruben Domingues 0-0: Ball
1-0: Foul Ball, location: 2F
1-1: Called Strike
1-2: Strikes out swinging
Bottom of the 8th over - 0 runs, 1 hit, 0 errors, 2 left on base; Charleston 2 - Delmarva 3
TOP OF THE 9TH
Charleston RiverDogs batting - Pitching for Delmarva Shorebirds : RHP Zhao-jun Zong
Pitching: RHP Harley Hyde
Now at 1B: Minoru Matsumoto
Batting: LHB Ernesto Abreu 0-0: Ball
1-0: Foul Ball, location: 2F
1-1: Foul Ball, location: 2F
1-2: Ball
2-2: Strikes out swinging
Batting: RHB Iften Olujimi 0-0: Called Strike
0-1: Foul Ball, location: 2F
0-2: Foul Ball, location: 2F
0-2: Ball
1-2: Ball
2-2: SOLO HOME RUN (Flyball, 7LD, EV 89.4 MPH), Distance : 338 ft
Batting: RHB Francisco Vargas 0-0: Ball
1-0: Called Strike
1-1: Ball
2-1: Called Strike
2-2: Ball
3-2: Ground out 4-3 (Groundball, 4, EV 85.6 MPH)
Batting: RHB Jeff McClellan 0-0: Ball
1-0: Ball
2-0: Called Strike
2-1: Ball
3-1: TRIPLE (Line Drive, 8LXD, EV 102.5 MPH)
Batting: LHB Marc Durgin 0-0: Intentional Walk
Pinch Hitting: RHB Mike Zern 0-0: Ball
1-0: Called Strike
1-1: Ball
2-1: Reached on error, E4 (Groundball, 4, EV 100.0 MPH)
Jeff McClellan scores
Marc Durgin to second
Pitching: RHP Brent Widder
Batting: LHB Jeremiah Walker 0-0: Called Strike
0-1: Swinging Strike
0-2: Ball
1-2: SINGLE (Groundball, 6M, EV 104.4 MPH)
Marc Durgin to third
Mike Zern to second
Runner from 3rd tries for Home, throw by CF and OUT! 8-2
Top of the 9th over - 2 runs, 3 hits, 1 error, 2 left on base; Charleston 4 - Delmarva 3
BOTTOM OF THE 9TH
Delmarva Shorebirds batting - Pitching for Charleston RiverDogs : RHP Mike Hickey
Pitching: RHP Bobby McDonnell
Now at 3B: Tadaaki Kondo
Now in LF: John Sprenkel
Batting: RHB Juan Eyrich 0-0: Ground out 4-3 (Groundball, 4, EV 84.4 MPH)
Batting: RHB Josh Hopp 0-0: Called Strike
0-1: Called Strike
0-2: Strikes out swinging
Batting: LHB Xue-liang Zhou 0-0: Ball
1-0: Ball
2-0: Swinging Strike
2-1: Foul Ball, location: 2F
2-2: SINGLE (Line Drive, 56D, EV 100.0 MPH)
Batting: RHB Ken Manser 0-0: Ball
1-0: Called Strike
1-1: Foul Ball, location: 2F
1-2: Ground out 2-3 (Groundball, 15S, EV 70.6 MPH)
Bottom of the 9th over - 0 runs, 1 hit, 0 errors, 1 left on base; Charleston 4 - Delmarva 3
Sunday, July 16th , 2023 - OOTP Baseball 24.6 Build 69